Map: Amygdala

Players

JeffGoldblum

  • Race: Terran Terran
  • League: Bronze
  • Spawn Location: 1:00

GangusKaun - Winner!

  • Race: Protoss Protoss
  • League: Gold
  • Spawn Location: 7:00

VOD

Have the link to the VOD?

Description

Time

  • Played on: Dec. 6, 2024, 2:52 p.m.
  • Length: 7:31
Show
View Real Time Build Order
Export as new Build Order

JeffGoldblum Terran 

Build Orders: 2 Factory 

Get SALT Encoding   

  12  0:03  SCV  
  13  0:16  SCV  
  14  0:21  Supply Depot  
  14  0:28  SCV  
  15  0:43  SCV  
  15  0:44  Barracks  
  15  0:48  Refinery  
  16  0:55  SCV  
  17  1:07  SCV  
  19  1:32  Marine, Command Center  
  19  1:37  Orbital Command  
  19  1:52  Barracks Reactor  
  19  1:58  Barracks Tech Lab  
  19  2:01  Refinery  
  19  2:05  SCV  
  20  2:17  SCV  
  20  2:18  Factory  
  21  2:31  SCV  
  22  2:40  Supply Depot  
  22  2:43  SCV  
  25  2:44  Marauder  
  25  3:12  Marine  
  25  3:14  Factory Tech Lab  
  25  3:17  Factory  
  25  3:20  SCV, Supply Depot, Barracks  
  26  3:30  Marine  
  26  3:31  Orbital Command  
  26  3:33  SCV  
  28  3:36  Siege Tank  
  31  3:55  Barracks  
  31  3:57  SCV  
  31  4:00  SCV  
  33  4:07  Marauder  
  33  4:09  SCV  
  36  4:12  SCV  
  36  4:13  Factory Tech Lab  
  37  4:20  Barracks Tech Lab, Siege Tank  
  37  4:21  SCV  
  41  4:27  Marine  
  42  4:40  SCV  
  42  4:41  SCV  
  42  4:43  Barracks Tech Lab  
  42  4:45  Command Center  
  44  4:46  Marine x2  
  46  4:56  SCV  
  46  4:58  Refinery  
  47  5:02  Refinery  
  47  5:05  Marine  
  47  5:08  SCV  
  47  5:10  Starport  
  48  5:20  SCV  
  48  5:21  Marauder x2  
  53  5:23  Marine  
  54  5:34  Supply Depot  
  54  5:35  Supply Depot  
  54  5:36  Supply Depot  
  54  5:48  Supply Depot  
  54  5:56  SCV x2, Siege Tank  
  58  6:04  Marine x3  
  58  6:08  Medivac, SCV  
  64  6:12  Siege Tank  
  67  6:20  SCV  
  67  6:25  SCV  
  68  6:32  SCV  
  69  6:34  Siege Tank  
  69  6:37  SCV  
  69  6:38  Medivac  
  73  6:44  SCV  
Show
View Real Time Build Order
Export as new Build Order

GangusKaun Protoss - Winner!

Build Orders: 1 Gate Expand, Dark Templar Rush 

Get SALT Encoding   

  12  0:11  Pylon  
  13  0:14  Probe  
  13  0:26  Probe  
  14  0:33  Gateway  
  14  0:38  Probe  
  15  0:44  Assimilator  
  15  1:01  Probe  
  16  1:13  Probe  
  17  1:24  Cybernetics Core  
  17  1:30  Probe  
  18  1:41  Nexus, Warp Gate  
  18  1:42  Probe  
  19  1:48  Pylon  
  19  1:55  Assimilator  
  19  2:04  Adept  
  21  2:14  Probe  
  22  2:26  Probe  
  23  2:38  Probe  
  23  2:41  Adept  
  26  2:50  Probe, Twilight Council  
  27  2:51  Pylon  
  27  2:59  Probe  
  27  3:02  Probe  
  28  3:07  Probe  
  29  3:14  Probe  
  30  3:26  Probe  
  31  3:29  Robotics Facility  
  31  3:32  Gateway  
  31  3:35  Gateway  
  31  3:39  Probe  
  32  3:45  Dark Shrine  
  32  3:51  Probe  
  33  3:59  Assimilator  
  33  4:01  Assimilator  
  33  4:03  Probe  
  33  4:09  Probe  
  35  4:15  Probe  
  36  4:21  Warp Prism  
  36  4:22  Probe  
  39  4:27  Probe  
  39  4:29  Adept x2  
  44  4:34  Adept  
  46  4:40  Probe  
  46  4:41  Probe  
  48  4:48  Probe  
  48  4:49  Probe  
  49  4:54  Blink  
  49  4:56  Probe  
  49  4:57  Probe  
  50  5:03  Shield Battery  
  52  5:08  Probe x2  
  52  5:09  Pylon  
  54  5:26  Pylon  
  54  5:27  Probe x2  
  56  5:40  Probe x2  
  58  5:51  Nexus  
  58  5:54  Pylon  
  58  5:57  Pylon  
  58  5:58  Probe  
  59  6:04  Dark Templar x2  
  59  6:05  Dark Templar  
  59  6:25  Immortal  
  59  6:52  Stalker x2  
  59  6:53  Stalker  
  63  7:04  Probe x2  
Tags
 
Add a new tag
Caveats
  • Supply blocks, unpowered buildings, or Contaminate may cause inaccurate times.
  • Supply counts are checked every 10 seconds.